 Dungeon Crawl Stone Soup version bcrawl-1.13.5 (webtiles) character file.

Game seed: 10212980429615386929

163 Anmu the Conjurer (level 5, -8/31 HPs)
             Began as a Fairy Conjurer on Aug 31, 2019.
             Killed from afar by an orc wizard (9 damage)
             ... with a magic dart
             ... on level 4 of the Dungeon.
             The game lasted 00:08:24 (2447 turns).

Anmu the Conjurer (Fairy Conjurer)                  Turns: 2447, Time: 00:08:26

Health: -8/31      AC:  5    Str:  6    XL:     5   Next: 44%
Magic:  13/13      EV: 17    Int: 19    God:
Gold:   155        SH:  4    Dex: 13    Spells: 8/12 levels left

rFire    + . .     SeeInvis .   n - +0 whip (distort)
rCold    . . .     Gourm    .   (shield restricted)
rNeg     . . .     Faith    .   (armour unavailable)
rPois    .         Spirit   .   (no helmet)
rElec    .         Reflect  .   (no cloak)
rCorr    .         Harm     .   r - +0 pair of gloves
MR       .....                  (no boots)
Stlth    +.........             (no amulet)
HPRegen  0.10/turn              l - ring of protection from fire
MPRegen  0.13/turn              (no ring)

@: flying evasively
A: small, magic attunement, unstealthy, unfitting armour, able to fly, AC/SH +4
a: Stop Flying


You were on level 4 of the Dungeon.
You were not hungry.

You visited 1 branch of the dungeon, and saw 4 of its levels.

You collected 155 gold pieces.

Inventory:

Hand Weapons
 n - a +0 whip of distortion (weapon)
Armour
 r - a +0 pair of gloves (worn)
Jewellery
 l - a ring of protection from fire (left hand)
 o - an uncursed ring of fire
Scrolls
 d - 4 scrolls of identify {unknown}
 h - a scroll of remove curse {unknown}
 i - a scroll of enchant weapon {unknown}
 j - 3 scrolls of fear {unknown}
 p - a scroll of teleportation {unknown}
Potions
 a - a potion of berserk rage {unknown}
 c - 3 potions of curing {unknown}
 e - a potion of resistance {unknown}
 f - a potion of flight {unknown}
 g - a potion of cancellation {unknown}
 k - a potion of agility {unknown}
 m - a potion of brilliance {unknown}
 s - a potion of haste {unknown}
Comestibles
 b - 6 rations {!d}


   Skills:
 + Level 3.2 Dodging
 + Level 1.9 Stealth
 + Level 4.3 Spellcasting
 + Level 6.6 Conjurations


You had 8 spell levels left.
You knew the following spells:

 Your Spells              Type           Power        Failure   Level  Hunger
a - Magic Dart            Conj           ####         1%          1    None
b - Iskenderun's Mystic   Conj           ####....     2%          3    None

Your spell library contained the following spells:

 Spells                   Type           Power        Failure   Level  Hunger
 Searing Ray              Conj           ####..       1%          2    None
 Fulminant Prism          Conj/Hex       ###.......   34%         4    None
 Irradiate                Conj/Tmut      ###.......   67%         5    None


Dungeon Overview and Level Annotations

Branches:
Dungeon (4/12)
 Temple: D:4-7

Altars:
Fedhas
Kikubaaqudgha


Innate Abilities, Weirdness & Mutations

Your spells do not cause hunger and MP costs are reduced by 1.
Your bright wings attract enemies. (Stealth-)
You cannot fit into any form of body armour.
Your shimmering scales are hard and can block incoming attacks. (AC +4, SH +4)
You are small and have problems with some larger weapons.
You can fly continuously.


Message History

You fly downwards. 6 orcs come into view.
The orc shouts! x6
Found a club and 81 poisoned needles.
There is a stone staircase leading up here.
The orc throws a tomahawk.
The tomahawk misses you.
An orc wizard comes into view. It is wielding a +0 dagger.
The orc wizard shouts!
You hear a shout! x4
The orc throws a tomahawk.
The tomahawk closely misses you.
The orc wizard gestures at you while chanting.
The magic dart hits you!
* * * LOW HITPOINT WARNING * * *
An orc wizard comes into view. It is wielding a +0 dagger.
The orc throws a tomahawk.
The tomahawk closely misses you.
An orc comes into view.
It is wielding a +1 flail of holy wrath.
The orc throws a tomahawk.
The tomahawk closely misses you.
The orc wizard moves out of view.
The orc wizard points at you and mumbles some strange words.
The magic dart hits you!
You die...

#........# .###
.#).oo<...## #....
............##....#
#..#....o.........#
# #...oo.........#
.##.....o........#
..................
..................
.......@..o..###..
..#..........# .
#..........#
#.........#...#
.........###..o.
...#...... ..o.
.........# ...
.#.#.....#


You could see 2 orc wizards and 7 orcs.

Vanquished Creatures
  An orc priest (D:3)
  An orc wizard (D:3)
  Terence (D:2)
  2 adders
  An ooze (D:2)
  A worm (D:3)
  A dart slug (D:1)
  3 leopard geckos (D:1)
  6 orcs (D:3)
  6 bats
  2 goblins
  6 hobgoblins
  3 jackals (D:3)
  4 frilled lizards (D:1)
  5 kobolds
  4 rats
47 creatures vanquished.

Notes
Turn   | Place    | Note
-------+----------+-------------------------------------------
     0 | D:1      | Anmu the Fairy Conjurer began the quest for the Orb.
     0 | D:1      | Reached XP level 1. HP: 11/11 MP: 6/6
   174 | D:1      | Reached skill level 5 in Conjurations
   345 | D:1      | Reached XP level 2. HP: 17/17 MP: 7/7
   664 | D:1      | Reached XP level 3. HP: 21/21 MP: 9/9
  1387 | D:2      | Found a faded altar of an unknown god.
  1514 | D:2      | Noticed Terence
  1603 | D:1      | Learned a level 3 spell: Iskenderun's Mystic Blast
  1611 | D:2      | Killed Terence
  1611 | D:2      | Reached skill level 6 in Conjurations
  1611 | D:2      | Reached XP level 4. HP: 12/27 MP: 9/11
  2065 | D:3      | Found an ancient bone altar of Kikubaaqudgha.
  2082 | D:3      | Reached XP level 5. HP: 31/31 MP: 0/13
  2194 | D:3      | Found a blossoming altar of Fedhas.
  2329 | D:3      | Noticed an ogre
  2444 | D:4      | HP: 1/31 [orc wizard/magic dart (6)]
  2447 | D:4      | Killed from afar by an orc wizard

Skill      XL: |  1  2  3  4 |
---------------+-------------+-----
Conjurations   | 5 6 |  6.6
Spellcasting   | 3 4 |  4.3
Dodging        | 3 |  3.2
Stealth        | |  1.9

Action                   |  1- 3 |  4- 6 || total
-------------------------+-------+-------++-------
 Cast: Magic Dart        |    53 |    20 ||    73
       Iskenderun's Myst |       |    17 ||    17
  Eat: Chunk             |     1 |       ||     1
       Ration            |       |     1 ||     1
Armor: Skin              |     3 |       ||     3
Dodge: Dodged            |    11 |     6 ||    17
Block: Other             |     2 |     2 ||     4
